 Dungeon Crawl Stone Soup version 0.30-a0-1043-g60ff8d5f49 (webtiles) character file.

Game seed: 14785598220101506217

59 Esekla the Sneak (level 4, 31/31 HPs)
             Began as an Octopode Delver on Apr 9, 2023.
             Quit the game on level 5 of the Dungeon.
             The game lasted 00:02:48 (198 turns).

Esekla the Sneak (Octopode Delver)                   Turns: 198, Time: 00:02:48

Health: 31/31      AC:  1    Str: 11    XL:     4   Next: 3%
Magic:  5/5        EV: 13    Int: 14    God:
Gold:   41         SH:  0    Dex: 13    Spells: 5/5 levels left

rFire   . . .      SeeInvis .    a - +0 falchion
rCold   . . .      Faith    .    (no shield)
rNeg    . . .      Spirit   .    (helmet restricted)
rPois   .          Reflect  .    (no amulet)
rElec   .          Rampage  .    (no ring)
rCorr   .                        (no ring)
Will    .....                    (no ring)
Stlth   ++++                     (no ring)
HPRegen 0.25/turn                (no ring)
MPRegen 0.09/turn                (no ring)
                                 (no ring)
                                 (no ring)

@: no status effects
A: almost no armour, amphibious, 8 rings, camouflage 1, gelatinous body 1,
(nimble swimmer 1), tentacles
a: no special abilities


You were on level 5 of the Dungeon.
You visited 1 branch of the dungeon, and saw 1 of its levels.

You collected 41 gold pieces.

Inventory:

Hand Weapons
 a - a +0 falchion (weapon)
Wands
 f - a wand of digging (3)
Scrolls
 b - 2 scrolls of fog
 d - a scroll of fear
Potions
 c - a potion of ambrosia {unknown}
 e - 2 potions of haste
 g - a potion of magic {unknown}
 h - a potion of berserk rage {unknown}


   Skills:
 * Level 3.4 Fighting
 * Level 2.3 Long Blades
 * Level 2.3 Dodging
 + Level 7.4 Stealth
 * Level 1.0 Spellcasting


You had 5 spell levels left.
You didn't know any spells.
Your spell library was empty.

Dungeon Overview and Level Annotations

Branches:
Dungeon (5/15)
 Temple: D:4-7

Altars:
Okawaru
Yredelemnul


Innate Abilities, Weirdness & Mutations

You cannot wear most types of armour.
You are amphibious.
You can wear up to eight rings at the same time.
Your skin changes colour to match your surroundings (Stealth+).
Your rubbery body absorbs attacks. (AC +1, EV +1)
((You are camouflaged when in or above water. (Stealth+)))
You have tentacles for arms and can constrict up to eight enemies at once.


Message History

You hit the iguana but do no damage.
The iguana is severely wounded.
You constrict the iguana. The iguana barely misses you.
You barely miss the iguana.
The iguana is almost dead.
You constrict the iguana.
You kill the iguana!
Your Spellcasting skill increases to level 1!
You now have 29 gold pieces (gained 13).
You hear the slow rusting of a very distant drain.
You see here a +0 hand axe.
b - 2 scrolls of fog (gained 1)
Found 12 gold pieces.
Found an escape hatch in the ceiling.
You now have 41 gold pieces (gained 12).
A quokka comes into view.
Found a smoky sapphire potion.
You hit the quokka. Your grab misses the quokka. You squeeze the quokka.
You kill the quokka!
You have reached level 4!
You see here a quokka corpse.
c - a smoky sapphire potion
Found a stone staircase leading up.
You see here a quokka corpse.
There is an escape hatch in the ceiling here.
You hear the slow rusting of a very distant drain.
Found a stone staircase leading down.
An orc comes into view. It is wielding a +0 hand axe.
The helpless orc fails to defend itself.
You hit the orc. Your grab misses the orc. You squeeze the orc.
You kill the orc!
Things that are here:
a +0 hand axe; an orc corpse
Found a lumpy puce potion.
h - a lumpy puce potion
Found a basalt altar of Yredelemnul.
Found an iron altar of Okawaru.
An orc comes into view.
It is wielding a +0 club. 5 orcs come into view.
Are you sure you want to abandon this character and quit the game? (Confirm with "yes".)

###.#
####.#########.#.#*,**,*
.†..#
#.#*........#.#*,,,,*
#####
#.#*.#####....##*****
....# #.#*,*
#.##..###### ....#
#.#*,* #.###..'._⌠#
....# #..,,#####.#
#..'._⌠# ....#
###**#.....# ####P###
....# #####.##### **#
....###### #...@.# *****
.........#
#.#####***,,,*
##.......#
#..o....#*,*,* #.......#
#........*,*,********
#.......#
#........*,*,,,,,,,,,
#...[...#
#.o......*,**********
#.......# #......oo*,* *
##......<##
#.....o..+,**********
..........#
#......o.*,,,,,,,,,,*


There were no monsters in sight!

Vanquished Creatures
  A hound (D:5)
  An iguana (D:5)
  An orc (D:5)
  A quokka (D:5)
4 creatures vanquished.

Notes
Turn   | Place    | Note
-------+----------+-------------------------------------------
     0 | D:5      | Esekla the Octopode Delver began the quest for the Orb.
     0 | D:5      | Reached XP level 1. HP: 16/16 MP: 1/1
    23 | D:5      | Noticed a hound
    46 | D:5      | Killed a hound
    47 | D:5      | Reached skill level 7 in Stealth
    47 | D:5      | Reached XP level 2. HP: 21/21 MP: 1/3
    47 | D:5      | Reached XP level 3. HP: 26/26 MP: 1/4
    90 | D:5      | Reached skill level 1 in Spellcasting
   122 | D:5      | Reached XP level 4. HP: 29/31 MP: 5/5
   177 | D:5      | Found a basalt altar of Yredelemnul.
   179 | D:5      | Found an iron altar of Okawaru.
   198 | D:5      | Quit the game

Illustrated notes

Levels and vault maps discovered:
D:5:      layout_basic, gammafunk_temple_overflow_wave,
          cheibrodos_sewer_entry_bend, minmay_fractal_squares_5

Skill      XL: |  1  2  3 |
---------------+----------+-----
Stealth        | 7 |  7.4
Spellcasting   | 1 |  1.0
Fighting       | |  3.4
Long Blades    | |  2.3
Dodging        | |  2.3

Action                     |  1- 3 |  4- 6 || total
---------------------------+-------+-------++-------
  Melee: Falchion          |    11 |     1 ||    12
         Tentacles         |     3 |     1 ||     4
         Constrict         |     2 |       ||     2
    Use: Scroll            |     1 |       ||     1
   Stab: Sleeping          |     1 |     1 ||     2
 Armour: Skin              |     1 |       ||     1
  Dodge: Dodged            |     9 |       ||     9

Table legend: (Time is in decaauts)
 A = Elapsed time spent in this place.
 B = Non-inter-level travel time spent in this place.
 C = Inter-level travel time spent in this place.
 D = Time resting spent in this place.
 E = Time spent auto-exploring this place.
 F = Levels seen in this place.
 G = Mean time per level.
                   A        B        C        D        E       F      G
               +--------+--------+--------+--------+--------+-----+--------+
         Total |    200 |    200 |      0 |      0 |      0 |   1 |  200.0 |
       Dungeon |    200 |    200 |      0 |      0 |      0 |   1 |  200.0 |
               +--------+--------+--------+--------+--------+-----+--------+

Top non-repeatable levels by time:
     D:5: 200 daAuts
